ATL
YORK REVOLUTION @ HIGH POINT ROCKERS
07/07/2072
 
TOP OF THE 1ST
Road Warriors batting - Pitching for Somerset Patriots : RHP Jonathan Hollaway
Pitching: RHP Jonathan Hollaway
Batting: RHB Doug Meese 0-0: Ball
1-0: DOUBLE (Line Drive, 7LM, EV 110.0 MPH)
Batting: RHB Byron Stratton 0-0: Ball
1-0: Called Strike
1-1: Called Strike
1-2: Strikes out looking
Batting: LHB Juan Mendoza 0-0: Ball
1-0: Ball
2-0: Swinging Strike
2-1: Called Strike
2-2: Ground out 6-3 (Groundball, 6, EV 81.2 MPH)
Doug Meese to third
Batting: RHB Alan Rowlett 0-0: Foul Ball, location: 2F
0-1: Ball
Wild Pitch!
Doug Meese scores
1-1: Ball
2-1: Ball
3-1: Swinging Strike
3-2: Foul Ball, location: 2F
3-2: Ground out 4-3 (Groundball, 34, EV 83.8 MPH)
Top of the 1st over - 1 run, 1 hit, 0 errors, 0 left on base; Road 1 - Somerset 0
BOTTOM OF THE 1ST
Somerset Patriots batting - Pitching for Road Warriors : RHP Gus de Leon
Pitching: RHP Gus de Leon
Batting: RHB John Huffman 0-0: Called Strike
0-1: Ball
1-1: Called Strike
1-2: Foul Ball, location: 2F
1-2: Strikes out swinging
Batting: RHB Dana Soczka 0-0: Called Strike
0-1: Ball
1-1: Ball
2-1: Ball
3-1: Called Strike
3-2: Base on Balls
Batting: LHB Jose Castro 0-0: Ball
1-0: Called Strike
1-1: Fly out, F5 (Popup, 5SF, EV 80.0 MPH)
Batting: RHB Ian Williams 0-0: Ball
1-0: Swinging Strike
1-1: Called Strike
1-2: Ball
2-2: Strikes out looking
Bottom of the 1st over - 0 runs, 0 hits, 0 errors, 1 left on base; Road 1 - Somerset 0
TOP OF THE 2ND
Road Warriors batting - Pitching for Somerset Patriots : RHP Jonathan Hollaway
Batting: LHB Rodrigo Cortez 0-0: Called Strike
0-1: SINGLE (Groundball, 6MD, EV 106.9 MPH)
Batting: RHB Jon Stoup 0-0: Ball
1-0: Foul Ball, location: 2F
1-1: Ball
2-1: Foul Ball, location: 2F
2-2: Foul Ball, location: 2F
2-2: Ball
3-2: Strikes out swinging
Batting: LHB Brian Massey 0-0: Grounds into double play, 4-6-3 (Groundball, 4, EV 88.1 MPH)
Top of the 2nd over - 0 runs, 1 hit, 0 errors, 0 left on base; Road 1 - Somerset 0
BOTTOM OF THE 2ND
Somerset Patriots batting - Pitching for Road Warriors : RHP Gus de Leon
Batting: LHB Luis Arredondo 0-0: Swinging Strike
0-1: Ball
1-1: Ball
2-1: Ball
3-1: DOUBLE (Line Drive, 78M, EV 90.0 MPH)
Batting: RHB Kevin Dobson 0-0: Ball
1-0: Called Strike
1-1: Ground out 6-3 (Groundball, 6, EV 100.6 MPH)
Batting: RHB John Eliason 0-0: Ground out 5-3 (Groundball, 15, EV 81.2 MPH)
Batting: RHB Ray Seiler 0-0: Ball
1-0: Ball
2-0: Swinging Strike
2-1: Foul Ball, location: 2F
2-2: Ball
3-2: Strikes out swinging
Bottom of the 2nd over - 0 runs, 1 hit, 0 errors, 1 left on base; Road 1 - Somerset 0
TOP OF THE 3RD
Road Warriors batting - Pitching for Somerset Patriots : RHP Jonathan Hollaway
Batting: RHB Guiomar Cora 0-0: Ball
1-0: Ball
2-0: Called Strike
2-1: Ball
3-1: Foul Ball, location: 2F
3-2: Foul Ball, location: 2F
3-2: Strikes out swinging
Batting: LHB Tony Huerta 0-0: Ground out 4-3 (Groundball, 4, EV 80.0 MPH)
Batting: RHB Doug Meese 0-0: Called Strike
0-1: Ball
1-1: Ball
2-1: Ground out 6-3 (Groundball, P, EV 88.1 MPH)
Top of the 3rd over - 0 runs, 0 hits, 0 errors, 0 left on base; Road 1 - Somerset 0
BOTTOM OF THE 3RD
Somerset Patriots batting - Pitching for Road Warriors : RHP Gus de Leon
Batting: RHB Travis Regal 0-0: Ball
1-0: Ball
2-0: Fly out, F3 (Popup, 3L, EV 54.4 MPH)
Batting: RHB John Huffman 0-0: Called Strike
0-1: Ball
1-1: Fly out, F7 (Flyball, 7LM, EV 78.1 MPH)
Batting: RHB Dana Soczka 0-0: Ball
1-0: Ball
2-0: Foul Ball, location: 2F
2-1: Ground out 4-3 (Groundball, 4, EV 85.6 MPH)
Bottom of the 3rd over - 0 runs, 0 hits, 0 errors, 0 left on base; Road 1 - Somerset 0
TOP OF THE 4TH
Road Warriors batting - Pitching for Somerset Patriots : RHP Jonathan Hollaway
Batting: RHB Byron Stratton 0-0: Ball
1-0: Ball
2-0: Called Strike
2-1: Called Strike
2-2: Foul Ball, location: 2F
2-2: Ball
3-2: Foul Ball, location: 2F
3-2: Ground out 5-3 (Groundball, 56S, EV 80.6 MPH)
Batting: LHB Juan Mendoza 0-0: Fly out, F7 (Flyball, 7, EV 84.4 MPH)
Batting: RHB Alan Rowlett 0-0: Ground out 5-3 (Groundball, 5L, EV 78.8 MPH)
Top of the 4th over - 0 runs, 0 hits, 0 errors, 0 left on base; Road 1 - Somerset 0
BOTTOM OF THE 4TH
Somerset Patriots batting - Pitching for Road Warriors : RHP Gus de Leon
Batting: LHB Jose Castro 0-0: Called Strike
0-1: Fly out, F5 (Popup, 5, EV 75.6 MPH)
Batting: RHB Ian Williams 0-0: SOLO HOME RUN (Flyball, 7D, EV 95.6 MPH), Distance : 382 ft
Batting: LHB Luis Arredondo 0-0: Ball
1-0: Ball
2-0: Ball
3-0: Called Strike
3-1: Ground out 5-3 (Groundball, 56, EV 89.4 MPH)
Batting: RHB Kevin Dobson 0-0: Ball
1-0: Fly out, F8 (Flyball, 89D, EV 93.8 MPH)
Bottom of the 4th over - 1 run, 1 hit, 0 errors, 0 left on base; Road 1 - Somerset 1
TOP OF THE 5TH
Road Warriors batting - Pitching for Somerset Patriots : RHP Jonathan Hollaway
Batting: LHB Rodrigo Cortez 0-0: Ball
1-0: Ball
2-0: SINGLE (Line Drive, 8RS, EV 104.4 MPH)
Batting: RHB Jon Stoup 0-0: Called Strike
0-1: Ball
1-1: Fly out, F9 (Flyball, 9S, EV 76.9 MPH)
Batting: LHB Brian Massey 0-0: Ball
1-0: Ball
2-0: Foul Ball, location: 2F
2-1: Swinging Strike
2-2: Strikes out swinging
Batting: RHB Guiomar Cora 0-0: Ball
1-0: Ball
2-0: Ground out 4-3 (Groundball, 4M, EV 90.0 MPH)
Top of the 5th over - 0 runs, 1 hit, 0 errors, 1 left on base; Road 1 - Somerset 1
BOTTOM OF THE 5TH
Somerset Patriots batting - Pitching for Road Warriors : RHP Gus de Leon
Batting: RHB John Eliason 0-0: Ball
1-0: Foul Ball, location: 2F
1-1: Foul Ball, location: 2F
1-2: Ball
2-2: Ball
3-2: Foul Ball, location: 2F
3-2: Foul Ball, location: 2F
3-2: Base on Balls
Batting: RHB Ray Seiler 0-0: Sac Bunt to 13S - play at first, batter OUT! 1-4
John Eliason to second
Batting: RHB Travis Regal 0-0: Ball
1-0: Fly out, F9 (Flyball, 9LD, EV 106.2 MPH)
Runner from 2nd tags up, SAFE at 3rd, no throw by RF
Batting: RHB John Huffman 0-0: Called Strike
0-1: Ball
1-1: Ball
2-1: Called Strike
2-2: Ball
3-2: Ground out 4-3 (Groundball, 34, EV 111.9 MPH)
Bottom of the 5th over - 0 runs, 0 hits, 0 errors, 1 left on base; Road 1 - Somerset 1
TOP OF THE 6TH
Road Warriors batting - Pitching for Somerset Patriots : RHP Jonathan Hollaway
Batting: LHB Tony Huerta 0-0: Ground out 3-1 (Groundball, 34S, EV 86.2 MPH)
Batting: RHB Doug Meese 0-0: SINGLE (Line Drive, 34, EV 95.0 MPH)
Batting: RHB Byron Stratton 0-0: Ball
1-0: Swinging Strike
1-1: Called Strike
1-2: Ball
2-2: Strikes out looking
Batting: LHB Juan Mendoza 0-0: Called Strike
0-1: Ball
1-1: Ball
Doug Meese is caught stealing 2nd base 2-6
Top of the 6th over - 0 runs, 1 hit, 0 errors, 0 left on base; Road 1 - Somerset 1
BOTTOM OF THE 6TH
Somerset Patriots batting - Pitching for Road Warriors : RHP Gus de Leon
Batting: RHB Dana Soczka 0-0: Called Strike
0-1: Ball
1-1: Ball
2-1: Fly out, F9 (Flyball, 9, EV 79.4 MPH)
Batting: LHB Jose Castro 0-0: Foul Ball, location: 2F
0-1: Called Strike
0-2: Ball
1-2: Foul Ball, location: 2F
1-2: Ball
2-2: Strikes out looking
Batting: RHB Ian Williams 0-0: Foul Ball, location: 2F
0-1: Ball
1-1: Ball
2-1: Ball
3-1: Base on Balls
Batting: LHB Luis Arredondo 0-0: Called Strike
0-1: Ball
1-1: Ball
2-1: Foul Ball, location: 2F
2-2: Ball
3-2: Strikes out swinging
Bottom of the 6th over - 0 runs, 0 hits, 0 errors, 1 left on base; Road 1 - Somerset 1
TOP OF THE 7TH
Road Warriors batting - Pitching for Somerset Patriots : RHP Jonathan Hollaway
Batting: LHB Juan Mendoza 0-0: Ball
1-0: Ball
2-0: Called Strike
2-1: Ball
3-1: Base on Balls
Batting: RHB Alan Rowlett 0-0: Ball
1-0: Foul Ball, location: 2F
1-1: Ball
2-1: Ball
3-1: SINGLE (Line Drive, 6D, EV 95.6 MPH)
Juan Mendoza to second
Batting: LHB Rodrigo Cortez 0-0: Swinging Strike
0-1: Ball
1-1: Foul Ball, location: 2F
1-2: Fly out, F7 (Flyball, 7D, EV 99.4 MPH)
Runner from 2nd tags up, SAFE at 3rd, no throw by LF
Pitching: RHP Robert Campos
Batting: RHB Jon Stoup 0-0: Ball
1-0: Fly out, F8 (Flyball, 8LS, EV 76.2 MPH)
Runner from 3rd tags up, SCORES, throw by CF
Now in CF: Jose Raygoza
Batting: LHB Brian Massey 0-0: Called Strike
0-1: Ball
1-1: Foul Ball, location: 2F
1-2: Ball
2-2: Foul Ball, location: 2F
2-2: Fly out, F9 (Flyball, 9LM, EV 91.2 MPH)
Top of the 7th over - 1 run, 1 hit, 0 errors, 1 left on base; Road 2 - Somerset 1
BOTTOM OF THE 7TH
Somerset Patriots batting - Pitching for Road Warriors : RHP Gus de Leon
Pitching: RHP Taylor Goshen
Batting: RHB Kevin Dobson 0-0: Ball
1-0: Fly out, F7 (Flyball, 7S, EV 78.1 MPH)
Batting: RHB John Eliason 0-0: Foul Ball, location: 2F
0-1: Foul Ball, location: 2F
0-2: Fly out, F3 (Flyball, 3D, EV 70.6 MPH)
Batting: RHB Ray Seiler 0-0: Ball
1-0: Called Strike
1-1: Fly out, F6 (Popup, 6M, EV 55.6 MPH)
Bottom of the 7th over - 0 runs, 0 hits, 0 errors, 0 left on base; Road 2 - Somerset 1
TOP OF THE 8TH
Road Warriors batting - Pitching for Somerset Patriots : RHP Robert Campos
Batting: RHB Guiomar Cora 0-0: Ball
1-0: Called Strike
1-1: Foul Ball, location: 2F
1-2: Strikes out swinging
Batting: LHB Tony Huerta 0-0: Ball
1-0: Swinging Strike
1-1: Swinging Strike
1-2: Ball
2-2: Strikes out looking
Batting: RHB Doug Meese 0-0: Ground out U3 (Groundball, 34D, EV 101.2 MPH)
Top of the 8th over - 0 runs, 0 hits, 0 errors, 0 left on base; Road 2 - Somerset 1
BOTTOM OF THE 8TH
Somerset Patriots batting - Pitching for Road Warriors : RHP Taylor Goshen
Batting: RHB Travis Regal 0-0: Foul Ball, location: 2F
0-1: Ground out 4-3 (Groundball, 34, EV 97.5 MPH)
Batting: RHB Jose Raygoza 0-0: Ball
1-0: Fly out, F4 (Line Drive, 4, EV 68.8 MPH)
Batting: RHB Dana Soczka 0-0: Ball
1-0: Called Strike
1-1: Swinging Strike
1-2: SINGLE (Line Drive, 8LS, EV 105.6 MPH)
Pitching: LHP Pavle Pupovac
Pinch Hitting: RHB Diego Santana 0-0: Ball
1-0: Called Strike
1-1: Swinging Strike
1-2: Strikes out swinging
Bottom of the 8th over - 0 runs, 1 hit, 0 errors, 1 left on base; Road 2 - Somerset 1
TOP OF THE 9TH
Road Warriors batting - Pitching for Somerset Patriots : RHP Robert Campos
Now in RF: Diego Santana
Batting: RHB Byron Stratton 0-0: Swinging Strike
0-1: Ball
1-1: Called Strike
1-2: Strikes out looking
Batting: LHB Juan Mendoza 0-0: Ball
1-0: Ball
2-0: Ball
3-0: Base on Balls
Batting: RHB Alan Rowlett 0-0: Called Strike
0-1: Ball
1-1: Swinging Strike
1-2: Ball
2-2: Foul Ball, location: 2F
2-2: Ball
3-2: Fielders Choice at 2nd, 3-6 (Groundball, 34S, EV 82.5 MPH)
Batting: LHB Rodrigo Cortez 0-0: Ball
1-0: Ball
2-0: Ball
3-0: Called Strike
3-1: Base on Balls
Alan Rowlett to second
Batting: RHB Jon Stoup 0-0: SINGLE (Line Drive, 34, EV 95.0 MPH)
Alan Rowlett to third
Rodrigo Cortez to second
Batting: LHB Brian Massey 0-0: Ball
1-0: Ball
2-0: Ball
3-0: Foul Ball, location: 2F
3-1: Base on Balls
Alan Rowlett scores
Rodrigo Cortez to third
Jon Stoup to second
Pitching: RHP Eric Dawson
Batting: RHB Guiomar Cora 0-0: Called Strike
0-1: Swinging Strike
0-2: Ball
1-2: Ball
2-2: Strikes out swinging
Top of the 9th over - 1 run, 1 hit, 0 errors, 3 left on base; Road 3 - Somerset 1
BOTTOM OF THE 9TH
Somerset Patriots batting - Pitching for Road Warriors : LHP Pavle Pupovac
Pitching: RHP Jimmy Marcantonio
Batting: RHB Ian Williams 0-0: Hit by Pitch
Batting: LHB Luis Arredondo 0-0: Swinging Strike
0-1: Ball
1-1: Ball
2-1: Ball
3-1: Base on Balls
Ian Williams to second
Batting: RHB Kevin Dobson 0-0: Ball
1-0: Ball
2-0: Called Strike
2-1: Called Strike
2-2: Foul Ball, location: 2F
2-2: Foul Ball, location: 2F
2-2: Strikes out looking
Batting: RHB John Eliason 0-0: Ball
1-0: Swinging Strike
1-1: Ball
2-1: Swinging Strike
2-2: Strikes out swinging
Batting: RHB Ray Seiler 0-0: Foul Ball, location: 2F
0-1: Ball
1-1: Called Strike
1-2: Foul Ball, location: 2F
1-2: Foul Ball, location: 2F
1-2: Hit by Pitch
Ian Williams to third
Luis Arredondo to second
Batting: RHB Travis Regal 0-0: Ball
1-0: Called Strike
1-1: Ground out 2-3 (Groundball, 15S, EV 65.6 MPH)
Bottom of the 9th over - 0 runs, 0 hits, 0 errors, 3 left on base; Road 3 - Somerset 1
Tuesday, October 26th , 2021 - OOTP Baseball 22.10 Build 79